 Dungeon Crawl Stone Soup version 0.17-a0-2115-g0d8b93e (webtiles) character file.

184 Menchi the Ducker (level 5, 0/37 HPs)
             Began as a Human Artificer on Oct 20, 2015.
             Slain by an iguana (13 damage)
             ... on level 3 of the Dungeon.
             The game lasted 00:31:29 (2984 turns).

Menchi the Ducker (Human Artificer)                 Turns: 2984, Time: 00:31:29

Health: 0/37       AC: 10    Str: 12    XL:     5   Next: 95%
Magic:  7/7        EV: 13    Int: 13    God:
Gold:   172        SH:  0    Dex: 13    Spells: 0 memorised, 4 levels left

rFire  . . .     SeeInvis .     a - +1 short sword
rCold  . . .     Clarity  .     i - +2 leather armour {rPois}
rNeg   . . .     SustAt   .     (no shield)
rPois  +         Gourm    .     k - +0 helmet
rElec  .         Spirit   .     j - +2 cloak
rCorr  .         Warding  .     l - +0 pair of gloves
rMut   .         Stasis   .     (no boots)
MR     .....                    (no amulet)
Stlth  +.........               (no ring)
                                (no ring)

@: not resistant to hostile enchantments, very unstealthy
A: no striking features
a: no special abilities


You were on level 3 of the Dungeon.
You were not hungry.

You visited 1 branch of the dungeon, and saw 3 of its levels.

You collected 172 gold pieces.

Inventory:

Hand Weapons
 a - a +1 short sword (weapon)
 m - a +0 short sword
Armour
 i - a +2 leather armour of poison resistance (worn)
 j - a +2 cloak (worn)
 k - a +0 helmet (worn)
 l - a +0 pair of gloves (worn)
Wands
 c - a wand of flame (0)
 d - a wand of enslavement (6)
 e - a wand of random effects (3)
Scrolls
 g - a scroll of enchant weapon
 h - a scroll of identify
Comestibles
 b - a beef jerky
 f - 3 bread rations


   Skills:
 + Level 1.2 Fighting
 * Level 2.2 Short Blades
 * Level 2.0 Armour
 * Level 4.0 Dodging
 + Level 1.1 Stealth
 + Level 3.6 Evocations


You had 4 spell levels left.
You didn't know any spells.

Dungeon Overview and Level Annotations

Branches:
Dungeon (3/15)

Altars:


Message History

Your goblin freezes the iguana.
You hit the iguana but do no damage.
The iguana is severely wounded.
The iguana bites you.
Your goblin barely misses the iguana.
You hit the iguana but do no damage.
The iguana is severely wounded.
The iguana bites you but does no damage.
Your goblin hits the iguana with a long sword of freezing.
Your goblin freezes the iguana.
You hit the iguana but do no damage.
The iguana is almost dead.
The iguana completely misses you.
You hit the iguana but do no damage.
The iguana is almost dead.
Your goblin hits the iguana but does no damage.
The iguana barely misses you.
You closely miss the iguana.
The iguana is almost dead.
The iguana bites you!
You die...

,,,,,,,*,,,,,,,,*,* *,*
,,,....#.).....,*,* *,*
,,,#...#...)..#**,* *,*
,,,#...#......# *,* *,*
,,,#...#......# *,* *,*
#,,#...#......# *,****,*
#.,#...#......# *,,,,,,*
...#...#......#######***
..............gl@...#
.......)............#
.......)............#
#######)............#
....l............(..#
...........##########
..........##
..........###########****
..........#..........,,,*


You could see an iguana and a friendly goblin.

Vanquished Creatures
  2 orc wizards (D:3)
  4 adders
  An adder zombie (D:2)
  An ooze (D:3)
  2 worms (D:2)
  2 giant geckos (D:1)
  7 orcs (D:3)
  A ball python (D:2)
  3 bats
  A bat skeleton (D:2)
  A bat zombie (D:2)
  2 giant cockroaches
  7 hobgoblins
  A giant gecko zombie (D:2)
  4 giant newts
  5 goblins
  7 kobolds
  3 quokkas
  7 rats
  A plant (D:2)
62 creatures vanquished.

Vanquished Creatures (collateral kills)
  2 orcs (D:3)
  A goblin (D:2)
3 creatures vanquished.

Vanquished Creatures (others)
  5 orcs (D:3)
5 creatures vanquished.

Grand Total: 70 creatures vanquished

Notes
Turn   | Place    | Note
--------------------------------------------------------------
     0 | D:1      | Menchi the Human Artificer began the quest for the Orb.
     0 | D:1      | Reached XP level 1. HP: 15/15 MP: 3/3
   256 | D:1      | Reached XP level 2. HP: 4/21 MP: 4/4
   938 | D:1      | Reached XP level 3. HP: 23/26 MP: 5/5
  1075 | D:2      | Found a faded altar to an unknown god.
  1341 | D:2      | Reached skill level 1 in Armour
  1553 | D:2      | Reached XP level 4. HP: 32/32 MP: 6/6
  2177 | D:3      | Reached XP level 5. HP: 13/37 MP: 7/7
  2963 | D:3      | Reached skill level 4 in Dodging
  2984 | D:3      | Slain by an iguana

Vault maps used:
D:1:      ncdulo_halloftheorcs
D:2:      serial_undead, serial_undead_f, serial_undead_e, serial_undead_f,
          serial_undead_e, ecumenical_altar_1, moated_statue
D:3:      st_stairs_13, uniq_natasha

Action                   |  1- 3 |  4- 6 || total
-------------------------+-------+-------++-------
Melee: Short sword       |   156 |   164 ||   320
Evoke: Wand              |    14 |    22 ||    36
  Use: Scroll            |     8 |     2 ||    10
       Potion            |       |     3 ||     3
  Eat: Royal jelly       |     1 |       ||     1
       Meat ration       |       |     1 ||     1
       Chunk             |       |     1 ||     1
